Map: Cosmic Sapphire

Players

Silky

  • Race: Zerg Zerg
  • Spawn Location: 11:00

PappiJoe - Winner!

  • Race: Protoss Protoss
  • Spawn Location: 5:00

Event: DreamHack SC2 Masters 2022 Atlanta (Offline)

VOD

Have the link to the VOD?

Description

Time

  • Played on: Nov. 18, 2022, 2:04 p.m.
  • Length: 3:34

All games in this series

Show
View Real Time Build Order
Export as new Build Order

Silky Zerg 

Build Orders: Pool First 

Get SALT Encoding   

  12  0:00  Drone  
  13  0:12  Overlord  
  13  0:20  Drone  
  14  0:32  Drone x2  
  16  0:54  Spawning Pool, Drone  
  16  0:55  Drone  
  17  1:03  Drone, Extractor  
  17  1:16  Drone  
  18  1:27  Hatchery  
  17  1:41  Spine Crawler  
  17  1:43  Zergling x2, Roach Warren  
  16  1:47  Zergling x2  
  17  1:59  Queen  
  19  2:23  Roach  
  19  2:26  Spore Crawler, Roach  
  19  2:27  Overlord  
  22  2:47  Roach  
  23  2:57  Roach  
Show
View Real Time Build Order
Export as new Build Order

PappiJoe Protoss - Winner!

Build Orders:  

Get SALT Encoding   

  12  0:01  Probe  
  13  0:13  Probe  
  14  0:25  Probe  
  15  0:30  Pylon  
  15  0:49  Gateway  
  15  0:50  Gateway  
  15  0:57  Gateway  
  15  1:07  Gateway  
  15  1:11  Probe  
  16  1:23  Probe  
  17  1:26  Pylon  
  17  1:34  Zealot (Chrono Boost)  
  21  1:46  Zealot (Chrono Boost)  
  23  1:51  Zealot (Chrono Boost)  
  23  1:54  Zealot (Chrono Boost)  
  23  2:00  Zealot (Chrono Boost)  
  27  2:07  Zealot (Chrono Boost)  
  29  2:13  Pylon  
  29  2:17  Zealot  
  31  2:31  Zealot x2  
  34  2:43  Zealot  
  36  2:45  Zealot  
  34  2:59  Zealot x2  
Tags
 
Add a new tag
Caveats
  • Supply blocks, unpowered buildings, or Contaminate may cause inaccurate times.
  • Supply counts are checked every 10 seconds.